[Event "Live Chess"]
[Site "Chess.com"]
[Date "2023.09.16"]
[Round "-"]
[White "Rafael-2021"]
[Black "SaladaChess"]
[Result "1/2-1/2"]
[WhiteElo "1092"]
[BlackElo "1112"]
[TimeControl "900+5"]
[EndTime "7:16:22 PDT"]
[Termination "Empate por repetição"]

1. e4 c6 2. d4 d5 3. e5 Bf5 4. Nf3 e6 5. Bd3 Bxd3 6. Qxd3 c5 7. c3 Nc6 8. Be3 cxd4 9. cxd4 Nge7 10. Nbd2 Nf5 11.
O-O Be7 12. Rfe1 O-O 13. Nf1 f6 14. exf6 Bxf6 15. Ng3 Nxg3 16. hxg3 Nb4 17. Qb3 Qe7 18. a3 Nc6 19. Bf4 Nxd4 20. Nxd4 Bxd4 21. Qxd5 exd5 22.
Rxe7 Rf7 23. Rxf7 Kxf7 24. Rb1 Ke6 25. b4 Be5 26. Bxe5 Kxe5 27. Rd1 d4 28. f3 Rd8 29.
Rd3 Kd5 30. Kf2 Kc4 31. Ke2 Re8+ 32. Kd2 Re3 33. Rxe3 dxe3+ 34. Kxe3 Kb3 35. Kf4 Kxa3 36. Ke5 Kxb4 37. Ke6 a5 38. Kf7 a4 39. Kxg7 a3 40.
f4 a2 41. f5 a1=Q+ 42. f6 Qc3 43. g4 b5 44. g5 Kc4 45. Kxh7 b4 46. f7 b3 47.
f8=Q b2 48. Qf7+ Kd3 49. Qf5+ Kd2 50. Qf2+ Kc1 51. Qf1+ Kc2 52. Qf2+ Qd2 53. Qc5+ Qc3 54. Qf2+ Qd2 55. Qc5+ Qc3 56. Qf2+ 1/2-1/2

[Event "Live Chess"]
[Site "Chess.com"]
[Date "2023.09.16"]
[Round "-"]
[White "Alplee"]
[Black "guilhermemazza"]
[Result "1-0"]
[WhiteElo "1965"]
[BlackElo "462"]
[TimeControl "900+5"]
[EndTime "7:16:23 PDT"]
[Termination "Alplee venceu por desistência"]

1. d4 d5 2. c4 c6 3. Nf3 Bf5 4. Nc3 dxc4 5. e3 e6 6. Bxc4 Bb4 7. O-O Bxc3 8. bxc3 Nf6 9. Bd3 O-O 10. Bxf5 exf5 11.
Qd3 f4 12. exf4 Ng4 13. h3 Nxf2 14. Rxf2 Qe7 15. Re2 Re8 16. Rxe7 Rxe7 17. Ng5 Re1+ 18. Kf2 Rxc1 19. Rxc1 Nd7 20. Qxh7+ Kf8 21. Qh8+ Ke7 22. Re1+ Kf6 23. Qxa8 1-0

[Event "Live Chess"]
[Site "Chess.com"]
[Date "2023.09.16"]
[Round "-"]
[White "Mariafernanda2805"]
[Black "VitorEMS"]
[Result "1-0"]
[WhiteElo "1006"]
[BlackElo "728"]
[TimeControl "900+5"]
[EndTime "7:16:46 PDT"]
[Termination "Mariafernanda2805 venceu por desistência"]

1. e4 e5 2. Nf3 Nf6 3. Nc3 Nc6 4. Bc4 d6 5. O-O g6 6. a3 Bh6 7. d3 Bf4 8. Bxf4 exf4 9. Qd2 g5 10. Nxg5 O-O 11.
Qxf4 Be6 12. Bxe6 fxe6 13. Nxe6 1-0

[Event "Live Chess"]
[Site "Chess.com"]
[Date "2023.09.16"]
[Round "-"]
[White "asafefausto"]
[Black "CauaLopes12"]
[Result "0-1"]
[WhiteElo "648"]
[BlackElo "1324"]
[TimeControl "900+5"]
[EndTime "7:18:16 PDT"]
[Termination "CauaLopes12 venceu por xeque-mate"]

1. d4 Nf6 2. Nc3 g6 3. e4 d6 4. e5 dxe5 5. dxe5 Nfd7 6. Bc4 Nxe5 7. Qxd8+ Kxd8 8. Bxf7 Nxf7 9. Bf4 Nc6 10. O-O-O+ Bd7 11. Ne4 Ke8 12. Nf6+ exf6 13. Re1+ Be7 14. Bxc7 Nfe5 15. Nf3 Nxf3 16. gxf3 Kf7 17. Re3 f5 18. Rd1 Be6 19.
Be5 Nxe5 20. Rxe5 Rhd8 21. h4 Bxh4 22. Re2 Rxd1+ 23. Kxd1 Rd8+ 24. Rd2 Rxd2+ 25. Kxd2 Bxf2 26. Kc3 h5 27. b4 h4 28. a4 h3 29. b5 h2 30. a5 h1=Q 31. b6 Qxf3+ 32. Kb4 Qe4+ 33. Kb5 Bd7# 0-1

[Event "Live Chess"]
[Site "Chess.com"]
[Date "2023.09.16"]
[Round "-"]
[White "isanamie12"]
[Black "RyanDiniz2011"]
[Result "0-1"]
[WhiteElo "804"]
[BlackElo "1556"]
[TimeControl "900+5"]
[EndTime "7:19:03 PDT"]
[Termination "RyanDiniz2011 venceu por desistência"]

1. d4 Nf6 2. c4 g6 3. Nf3 d6 4. Nc3 Bg7 5. e4 e5 6. d5 O-O 7. Be3 Nbd7 8. Be2 b6 9. O-O Bb7 10. Bd3 Nc5 11. Bxc5 bxc5 12. Re1 Qd7 13. a3 a5 14. b4 axb4 15. axb4 Rxa1 16. Qxa1 Ra8 17.
Qd1 cxb4 18. Nb5 c6 19. dxc6 Bxc6 20. Ng5 Ra2 21. Qf3 Qg4 22. Qxg4 Nxg4 23. Nxd6 Nxf2 24.
h3 Nxd3 25. Rd1 Nf4 26. Nb5 b3 27. Rd8+ Bf8 28. Rc8 Rxg2+ 29. Kf1 b2 30. Nc3 Bd7 31. Rb8 Rc2 32. c5 Rxc3 33. Rxb2 Rxc5 34. Rd2 Bb5+ 35. Kf2 Kg7 36. Rd8 Be7 37. Ra8 Bxg5 38. h4 Bxh4+ 0-1

[Event "Live Chess"]
[Site "Chess.com"]
[Date "2023.09.16"]
[Round "-"]
[White "AnaHelenaAulicino"]
[Black "lgomessc"]
[Result "0-1"]
[WhiteElo "621"]
[BlackElo "1139"]
[TimeControl "900+5"]
[EndTime "7:22:06 PDT"]
[Termination "lgomessc venceu por desistência"]

1. e4 e5 2. Nf3 Nc6 3. Bc4 Bc5 4. d3 h6 5. Nc3 Nf6 6. O-O O-O 7. Nh4 d6 8. Qf3 Nd4 9. Qg3 Nh5 10. Qe3 Nxc2 11.
Qf3 Nxa1 12. Nd5 c6 13. Ne3 Qxh4 14. Nf5 Bxf5 15. Qxf5 Nf6 16. g3 Qg4 17. Qxg4 Nxg4 0-1

[Event "Live Chess"]
[Site "Chess.com"]
[Date "2023.09.16"]
[Round "-"]
[White "Sabadin21"]
[Black "Corveloni_Ma"]
[Result "0-1"]
[WhiteElo "876"]
[BlackElo "1396"]
[TimeControl "900+5"]
[EndTime "7:23:30 PDT"]
[Termination "Corveloni_Ma venceu por xeque-mate"]

1. e4 c6 2. Nf3 d5 3. exd5 cxd5 4. d4 Nf6 5. Nc3 e6 6. Bd3 Be7 7. O-O O-O 8. Be3 Nc6 9. Qe2 b6 10. Rfe1 Bb7 11. b3 a6 12. Rad1 Qc7 13. a4 Bb4 14. Bd2 Rfe8 15. Ng5 Nxd4 16. Qe3 Bxc3 17.
Bxc3 Qxc3 18. Qd2 Qxd2 19. Rxd2 h6 20. Nh3 e5 21. f4 exf4 22. Rxe8+ Rxe8 23. Nxf4 g5 24. Nh3 Nc6 25. Nf2 Re1+ 26. Bf1 Ne4 27. Nxe4 dxe4 28. Rf2 e3 29. Re2 Nd4 30. Rxe1 Nxc2 31. Re2 Be4 32. g3 f5 33. Bg2 Bd3 34. Rxc2 Bxc2 35.
Bd5+ Kg7 36. Bc4 f4 37. gxf4 gxf4 38. Kf1 Kf6 39. Ke2 Ke5 40. Bxa6 Bxb3 41. Bb5 Ke4 42.
Bc6+ Bd5 43. Bxd5+ Kxd5 44. Kf3 Kd4 45. Kxf4 e2 46. Kf5 e1=Q 47. Kg6 Qe5 48. Kxh6 Qf5 49. h4 Qg4 50. h5 Ke5 51. a5 Kf6 52. axb6 Qg7# 0-1

[Event "Live Chess"]
[Site "Chess.com"]
[Date "2023.09.16"]
[Round "-"]
[White "Rafael-2021"]
[Black "guilhermemazza"]
[Result "1-0"]
[WhiteElo "1096"]
[BlackElo "458"]
[TimeControl "900+5"]
[EndTime "7:24:12 PDT"]
[Termination "Rafael-2021 venceu por xeque-mate"]

1. e4 e5 2. Nf3 Nc6 3. Bc4 d6 4. d3 Nf6 5. Nc3 Qd7 6. Nd5 Qe6 7. Nxf6+ Qxf6 8. Bg5 Qg6 9. Qd2 Be6 10. Bxe6 fxe6 11.
O-O-O Nd4 12. Nxd4 exd4 13. Kb1 Be7 14. Bxe7 Kxe7 15. g3 Qh6 16. Qxh6 gxh6 17. f4 b5 18.
e5 dxe5 19. fxe5 Rhf8 20. Rdf1 Rxf1+ 21. Rxf1 Rf8 22. Rxf8 Kxf8 23. Kc1 c5 24. Kd2 c4 25. dxc4 bxc4 26. b3 cxb3 27. cxb3 a5 28. Kd3 h5 29.
Kxd4 h6 30. Kc5 Kg7 31. Kb5 Kg6 32. Kxa5 Kf5 33. Kb5 Kxe5 34. a4 Kd5 35. a5 e5 36.
a6 e4 37. a7 e3 38. a8=Q+ Kd4 39. Qh8+ Kd3 40. Qh7+ Kd2 41. Qe4 e2 42. Qd4+ Kc2 43.
Qf2 Kd2 44. Qd4+ Kc2 45. Qf2 Kd2 46. Kc4 Kd1 47. Qd4+ Kc2 48. Qd3+ Kc1 49. Qxe2 Kb1 50.
Kc3 Kc1 51. Qc2# 1-0

[Event "Live Chess"]
[Site "Chess.com"]
[Date "2023.09.16"]
[Round "-"]
[White "CauaLopes12"]
[Black "VitorEMS"]
[Result "1-0"]
[WhiteElo "1325"]
[BlackElo "726"]
[TimeControl "900+5"]
[EndTime "7:26:31 PDT"]
[Termination "CauaLopes12 venceu por desistência"]

1. e4 e5 2. Nf3 Nf6 3. Nxe5 d6 4. Nf3 Nxe4 5. d3 Nf6 6. Be2 Nc6 7. O-O d5 8. d4 Bd6 9. h3 Bf5 10. Bg5 Nb4 11. Na3 Bxc2 12. Nxc2 Nxc2 13. Qxc2 O-O 14. Qf5 c6 15. Bd3 g6 16. Qxf6 Bc7 17. Qxd8 Bxd8 18.
Bxd8 Raxd8 19. Rac1 Rfe8 20. Rfe1 Rxe1+ 21. Rxe1 Kg7 22. Re7 Rd6 23. Rxb7 a5 24. Ra7 a4 25. Rxa4 f5 26.
b4 h5 27. b5 cxb5 28. Bxb5 Kf6 29. Ra6 Rxa6 30. Bxa6 g5 31. a4 g4 32. hxg4 hxg4 33. Ne5 Kg5 34. Be2 Kf4 35. Bd3 Kg5 36. a5 f4 37. a6 g3 38. f3 Kh4 39. a7 1-0

[Event "Live Chess"]
[Site "Chess.com"]
[Date "2023.09.16"]
[Round "-"]
[White "pedromiguelchess"]
[Black "DaviFuzatto"]
[Result "1/2-1/2"]
[WhiteElo "1106"]
[BlackElo "1368"]
[TimeControl "900+5"]
[EndTime "7:27:59 PDT"]
[Termination "Empate por repetição"]

1. e4 e6 2. d4 d5 3. exd5 exd5 4. Nc3 Nf6 5. Nf3 Bb4 6. Bd2 c6 7. Bd3 O-O 8. O-O Re8 9. a3 Ba5 10. Ne5 Nbd7 11. Nxd7 Bxd7 12. Ne2 Bxd2 13. Qxd2 Qc7 14.
h3 Re7 15. Rfe1 Rae8 16. Nc3 Qd6 17. Rxe7 Qxe7 18. Na4 b6 19. b3 Ne4 20. Bxe4 Qxe4 21. c4 dxc4 22. bxc4 Qe6 23. d5 cxd5 24. cxd5 Qe5 25.
Nc3 Rc8 26. Rc1 Bf5 27. d6 Rd8 28. Rd1 h6 29. Qd4 Qa5 30. Qb4 Qe5 31. Qd4 Qa5 32.
Qb4 Qe5 33. Qd4 1/2-1/2

[Event "Live Chess"]
[Site "Chess.com"]
[Date "2023.09.16"]
[Round "-"]
[White "SaladaChess"]
[Black "Mariafernanda2805"]
[Result "1-0"]
[WhiteElo "1135"]
[BlackElo "1000"]
[TimeControl "900+5"]
[EndTime "7:28:17 PDT"]
[Termination "SaladaChess venceu por xeque-mate"]

1. c4 c5 2. Nc3 d6 3. Nf3 Nf6 4. g3 g6 5. Bg2 Bg7 6. e3 O-O 7. d4 cxd4 8. exd4 Bd7 9. O-O Nc6 10. Bg5 Bg4 11. h3 Bxf3 12. Qxf3 Nxd4 13. Qxb7 a6 14.
Qxa8 Qxa8 15. Bxa8 Rxa8 16. Rad1 Nf3+ 17. Kg2 Nxg5 18.
Rfe1 Re8 19. Ne2 e5 20. f4 exf4 21. Nxf4 Nfe4 22. h4 h6 23. hxg5 hxg5 24. Nd5 Bxb2 25. Rb1 Bd4 26. Re2 Kg7 27. Rbe1 f5 28. g4 a5 29. Nc7 Re7 30. Nd5 Re6 31. Nc7 Re7 32. Nb5 Bc5 33. Nc3 Bb4 34. Nd5 Bxe1 35. Nxe7 Bc3 36.
gxf5 Kf6 37. Rxe4 gxf5 38. Nd5+ Kf7 39. Re7+ Kg6 40. Nxc3 Kf6 41. Nd5+ Kg6 42. Re6+ Kh5 43. Rxd6 Kg4 44. Ne3+ Kf4 45. Nxf5 Kxf5 46. c5 g4 47. c6 Kf4 48. c7 g3 49. c8=Q Ke5 50. Qe6+ Kf4 51.
Rd4+ Kg5 52. Qe5+ Kg6 53. Rd6+ Kf7 54. Rf6+ Kg7 55. Qg5+ Kh7 56. Rh6# 1-0

[Event "Live Chess"]
[Site "Chess.com"]
[Date "2023.09.16"]
[Round "-"]
[White "Ruanfelipe2014"]
[Black "Alplee"]
[Result "1-0"]
[WhiteElo "993"]
[BlackElo "1949"]
[TimeControl "900+5"]
[EndTime "7:28:21 PDT"]
[Termination "Ruanfelipe2014 venceu por desistência"]

1. e4 c5 2. Bc4 e6 3. d3 Nc6 4.
Nc3 a6 5. Nf3 b5 6. Bb3 Bb7 7.
a4 b4 8. Ne2 a5 9. c3 Nge7 10.
e5 Ng6 11. Bg5 f6 12. exf6 gxf6 13. Be3 Qb6 14. d4 Kf7 15. d5 Nce5 16. dxe6+ dxe6 17. Nxe5+ Nxe5 18. Nf4 Bc8 19. Qh5+ Kg7 20. Nh3 Ng6 21. Qh6+ Kf7 22. Qh5 Qc6 23. Rc1 Qxg2 24. Rg1 1-0

[Event "Live Chess"]
[Site "Chess.com"]
[Date "2023.09.16"]
[Round "-"]
[White "asafefausto"]
[Black "RyanDiniz2011"]
[Result "0-1"]
[WhiteElo "647"]
[BlackElo "1557"]
[TimeControl "900+5"]
[EndTime "7:29:36 PDT"]
[Termination "RyanDiniz2011 venceu por xeque-mate"]

1. e4 e6 2. d4 d5 3. exd5 exd5 4. Qe2+ Be7 5. Qb5+ Qd7 6. Qxd7+ Bxd7 7. b3 Nf6 8.
a4 Nc6 9. Bb5 O-O 10. Nf3 Rfe8 11. O-O Bb4 12. Bf4 a6 13. Bxc6 Bxc6 14. Bxc7 Rac8 15. Bg3 Ne4 16. Re1 Bxe1 17. Kf1 Nxg3+ 18. hxg3 Ba5 19. Na3 b5 20. c4 dxc4 21. bxc4 bxc4 22. Nxc4 Bb4 23. Nb6 Rb8 24. Nc4 Bxf3 25. gxf3 Bc3 26. Rc1 Bxd4 27. Nd6 Red8 28. Nxf7 Kxf7 29. Rc7+ Kg8 30. f4 Rdc8 31. Rd7 Rd8 32. Rc7 Rb2 33.
f5 Rxf2+ 34. Ke1 Rb8 35. Rc1 Rxf5 36. Rd1 Re8+ 37. Kd2 Be3+ 38. Ke2 Rf2+ 39. Ke1 Rh2 40. Rd6 Rb8 41. Rd1 Rbb2 42. Kf1 Rhf2+ 43. Kg1 Rfd2+ 44. Kf1 Rxd1# 0-1

[Event "Live Chess"]
[Site "Chess.com"]
[Date "2023.09.16"]
[Round "-"]
[White "guilhermemazza"]
[Black "CauaLopes12"]
[Result "0-1"]
[WhiteElo "457"]
[BlackElo "1325"]
[TimeControl "900+5"]
[EndTime "7:30:06 PDT"]
[Termination "CauaLopes12 venceu por xeque-mate"]

1. e4 e5 2. Nf3 Nf6 3. Nxe5 d6 4. Nc4 Nxe4 5. Qe2 Qe7 6. f3 Nf6 7. Qxe7+ Bxe7 8. d4 d5 9. Ne5 O-O 10. Nc3 Re8 11.
Bd3 Bd6 12. O-O Bxe5 13. dxe5 Rxe5 14. Bf4 Re7 15. Bxc7 Rxc7 16. Be4 dxe4 17. Rfd1 Rd7 18. Rd2 Rxd2 19. Nxe4 Nxe4 20. fxe4 Be6 21. Kf1 Rxc2 22. Ke1 Nc6 23. Kd1 Rxg2 24. Ke1 Rd8 25. b4 Rdd2 26.
b5 Rb2 27. bxc6 Rg1# 0-1

[Event "Live Chess"]
[Site "Chess.com"]
[Date "2023.09.16"]
[Round "-"]
[White "lgomessc"]
[Black "isanamie12"]
[Result "1-0"]
[WhiteElo "1144"]
[BlackElo "802"]
[TimeControl "900+5"]
[EndTime "7:30:20 PDT"]
[Termination "lgomessc venceu por xeque-mate"]

1. e4 e5 2. Nf3 Nc6 3. Bc4 Bc5 4. Nc3 Nf6 5. d3 O-O 6. Bg5 h6 7. Bh4 Be7 8. Nd5 Nxd5 9. Bxe7 Qxe7 10. exd5 Nd4 11.
O-O Nxf3+ 12. Qxf3 c6 13. dxc6 bxc6 14. Rfe1 d5 15. Bb3 e4 16. dxe4 Qf6 17. Qxf6 gxf6 18. exd5 cxd5 19. Bxd5 Rb8 20. b3 Be6 21. Bxe6 fxe6 22. Rxe6 Rfc8 23. c4 Rd8 24. Rxf6 Rb7 25. Rxh6 Rbd7 26. h3 Rd1+ 27. Rxd1 Rxd1+ 28. Kh2 Ra1 29. c5 Rxa2 30. c6 Rc2 31. f4 Kg7 32. Rd6 Kf7 33.
f5 Ke7 34. Re6+ Kf7 35. h4 a5 36. h5 Kg7 37. h6+ Kh7 38. f6 Rf2 39. c7 Rc2 40.
f7 Rxc7 41. f8=Q Ra7 42. Re7+ Rxe7 43. Qxe7+ Kxh6 44. g4 a4 45. bxa4 Kg6 46. Qe6+ Kg5 47. Qf5+ Kh6 48. a5 Kg7 49. a6 Kh6 50. a7 Kg7 51.
a8=Q Kh6 52. Qh8# 1-0

[Event "Live Chess"]
[Site "Chess.com"]
[Date "2023.09.16"]
[Round "-"]
[White "PedroRossi14"]
[Black "Highlanderson"]
[Result "0-1"]
[WhiteElo "518"]
[BlackElo "1516"]
[TimeControl "900+5"]
[EndTime "7:31:51 PDT"]
[Termination "Highlanderson venceu por desistência"]

1. e4 e5 2. Nf3 Nf6 3. Nc3 Nc6 4. Be2 Bb4 5. O-O O-O 6. d4 Re8 7. Nd5 Nxd5 8. exd5 e4 9. Ne1 Ne7 10. Bc4 d6 11. c3 Ba5 12. Nc2 Bb6 13. a4 a6 14. a5 Ba7 15. Nb4 c5 16. Nc2 b5 17.
axb6 Bxb6 18. Re1 cxd4 19. cxd4 Nf5 20. Ra3 Qf6 21. b3 Nxd4 22. Nxd4 Bxd4 23. Be3 Bxe3 24.
Rxe3 Qb2 25. Ra4 Bd7 26. Re2 Bg4 27. Ra2 Qf6 28. Qd2 Bxe2 29. Qxe2 Qd4 30. Rd2 Qe5 31. b4 Rec8 32. h3 a5 33. b5 Qc3 34. Rc2 Qa1+ 35. Kh2 Qe5+ 36. g3 Rab8 37. f4 Qd4 38. f5 Qxc4 39. Rxc4 Rxc4 40. Qxc4 Re8 41. b6 e3 42. b7 h6 43. Kg2 e2 44. Kf2 e1=Q+ 45. Kf3 Re3+ 46. Kg2 Qd2+ 47. Kg1 Re1+ 48. Qf1 Rxf1+ 49.
Kxf1 Qc1+ 50. Kg2 Qb2+ 0-1

[Event "Live Chess"]
[Site "Chess.com"]
[Date "2023.09.16"]
[Round "-"]
[White "Sabadin21"]
[Black "Rafael-2021"]
[Result "1/2-1/2"]
[WhiteElo "880"]
[BlackElo "1062"]
[TimeControl "900+5"]
[EndTime "7:32:35 PDT"]
[Termination "Empate por afogamento"]

1. e4 e5 2. Nf3 Nc6 3. Nc3 d6 4. d3 Bg4 5. Be3 Nf6 6. Be2 Be7 7. h3 Bxf3 8. Bxf3 O-O 9. O-O Nd4 10. Bxd4 exd4 11.
Ne2 c5 12. Qd2 Qb6 13. b3 Rfe8 14. c3 dxc3 15. Qxc3 Qb4 16. Qxb4 cxb4 17. d4 Rac8 18.
d5 Bd8 19. Nd4 Nxe4 20. Nb5 a6 21. Nd4 Nd2 22. Rfd1 Nxf3+ 23. Nxf3 Bf6 24. Nd4 Bxd4 25. Rxd4 a5 26. Rb1 h6 27. Rc4 Rxc4 28. bxc4 Re2 29. Ra1 Rc2 30. a3 Rxc4 31. axb4 Rxb4 32. Rxa5 Rd4 33. Ra8+ Kh7 34. Rb8 Rxd5 35. Rxb7 Rd1+ 36. Kh2 f6 37. f3 d5 38. Rd7 d4 39. Kg3 Kg6 40. Kf2 d3 41. Ke3 Rg1 42. Rxd3 Rxg2 43. Rd4 Rg3 44. Rg4+ Rxg4 45. hxg4 Kg5 46. Kf2 f5 47.
gxf5 Kxf5 48. Kg3 Kg5 49. f4+ Kg6 50. Kg4 h5+ 51. Kf3 Kf5 52. Kg3 g5 53. fxg5 Kxg5 54.
Kh3 Kg6 55. Kh4 Kh6 56. Kg3 Kg5 57. Kh3 Kh6 58. Kh4 Kg6 59. Kh3 Kg5 60. Kg3 h4+ 61. Kh3 Kh5 62. Kg2 Kg4 63. Kh2 h3 64. Kg1 Kh4 65. Kh2 Kg4 66. Kg1 Kg3 67. Kh1 h2 1/2-1/2

[Event "Live Chess"]
[Site "Chess.com"]
[Date "2023.09.16"]
[Round "-"]
[White "PedroRossi14"]
[Black "Rafael-2021"]
[Result "0-1"]
[WhiteElo "517"]
[BlackElo "1067"]
[TimeControl "900+5"]
[EndTime "7:34:44 PDT"]
[Termination "Rafael-2021 venceu por desistência"]

1. e4 e5 2. Nf3 Nc6 3. d4 Nxd4 4. Nxd4 exd4 5. Qxd4 Nf6 6. Bc4 c6 7. Bd3 d5 8. O-O dxe4 9. Bxe4 Qxd4 10. Re1 Nxe4 11.
Be3 Qe5 12. Bd2 Bd6 0-1

[Event "Live Chess"]
[Site "Chess.com"]
[Date "2023.09.16"]
[Round "-"]
[White "guilhermemazza"]
[Black "RyanDiniz2011"]
[Result "0-1"]
[WhiteElo "457"]
[BlackElo "1557"]
[TimeControl "900+5"]
[EndTime "7:35:12 PDT"]
[Termination "RyanDiniz2011 venceu por xeque-mate"]

1. e4 e6 2. c4 d5 3. d3 dxe4 4.
dxe4 Qxd1+ 5. Kxd1 Nf6 6. Nc3 Bc5 7. Be3 Bxe3 8. fxe3 Nc6 9. Kc2 Bd7 10. Rd1 O-O-O 11.
Rd2 Ne5 12. Be2 Bc6 13. Nf3 Nxf3 14. gxf3 Rxd2+ 15. Kxd2 Rd8+ 16. Kc2 Nd7 17. Rd1 Ne5 18.
Rxd8+ Kxd8 19. b4 a6 20. b5 axb5 21. cxb5 Bd7 22. a4 c6 23. bxc6 Nxc6 24. Nb5 Nb4+ 25.
Kc3 Na2+ 26. Kb3 Nc1+ 27. Kc2 Nxe2 28. Kd2 Ng1 29. a5 Nxf3+ 30. Kd3 Bxb5+ 31. Kc3 Ne5 32. h4 f5 33. exf5 exf5 34. h5 h6 35. Kd2 g6 36. hxg6 Nxg6 37. Kc3 h5 38. Kd4 h4 39.
Kd5 h3 40. Ke6 h2 41. Kxf5 h1=Q 42. Kxg6 Qe4+ 43. Kg5 Qxe3+ 44. Kf5 Qd3+ 45. Ke5 Bd7 46. Kf6 Qc3+ 47. Kg5 Qxa5+ 48. Kh4 b5 49. Kg5 b4+ 50.
Kf4 b3 51. Ke3 b2 52. Kd3 b1=Q+ 53. Kc4 Qbb4+ 54. Kd3 Qaa3+ 55. Kc2 Qbb2+ 56. Kd1 Qaa1# 0-1

[Event "Live Chess"]
[Site "Chess.com"]
[Date "2023.09.16"]
[Round "-"]
[White "Mariafernanda2805"]
[Black "Alplee"]
[Result "0-1"]
[WhiteElo "1000"]
[BlackElo "1949"]
[TimeControl "900+5"]
[EndTime "7:35:29 PDT"]
[Termination "Alplee venceu por xeque-mate"]

1. e4 c6 2. Bc4 d5 3. exd5 cxd5 4. Bd3 Nf6 5. Nf3 e6 6. O-O Bd6 7. h3 O-O 8. Nc3 a6 9. Be2 Nc6 10. d3 Qc7 11. Bg5 Kh8 12. Bxf6 gxf6 13. Qd2 Bf4 14. Qd1 Rg8 15. a3 Qd6 16. d4 e5 17. dxe5 fxe5 18.
Nxd5 Bxh3 19. Nh4 Qh6 20. Bf3 Qxh4 21. Qd3 Bxg2 22. Bxg2 Qh2# 0-1

[Event "Live Chess"]
[Site "Chess.com"]
[Date "2023.09.16"]
[Round "-"]
[White "AnaHelenaAulicino"]
[Black "Corveloni_Ma"]
[Result "1/2-1/2"]
[WhiteElo "629"]
[BlackElo "1385"]
[TimeControl "900+5"]
[EndTime "7:35:53 PDT"]
[Termination "Empate por repetição"]

1. e4 c6 2. d4 d5 3. exd5 cxd5 4. Bb5+ Bd7 5. Bxd7+ Nxd7 6. Qf3 Ngf6 7. Bg5 e6 8.
Bxf6 Nxf6 9. Ne2 Qb6 10. O-O Qxb2 11. Nbc3 Qxc2 12. Rac1 Qf5 13. Nf4 Bd6 14. g3 O-O 15. Nb5 Qe4 16. Qb3 Bxf4 17. Nc7 Bxc1 18. Nxa8 Rxa8 19.
Rxc1 Qxd4 20. Qc2 h6 21. Rd1 Qc4 22. Qb2 b5 23. Rc1 Qa4 24. Rc5 Qd1+ 25. Kg2 Rb8 26. Rc1 Qd3 27. Rc3 Qe4+ 28. f3 Qe5 29. Rc8+ Rxc8 30. Qxe5 Rc2+ 31. Kh3 Rxa2 32. Qb8+ Kh7 33. g4 a6 34. Kh4 g5+ 35. Kg3 h5 36. gxh5 Nxh5+ 37. Kg4 Rg2+ 38. Kxh5 Rxh2+ 39. Kxg5 Rg2+ 40. Kf6 Rg6+ 41. Kxf7 Rg7+ 42. Kxe6 Rg6+ 43. Kf7 Rg7+ 44. Kf6 Rg6+ 45.
Kf7 Rg7+ 46. Kf6 Rg6+ 47. Kf7 1/2-1/2

[Event "Live Chess"]
[Site "Chess.com"]
[Date "2023.09.16"]
[Round "-"]
[White "RyanDiniz2011"]
[Black "Rafael-2021"]
[Result "1-0"]
[WhiteElo "1566"]
[BlackElo "1059"]
[TimeControl "900+5"]
[EndTime "7:36:21 PDT"]
[Termination "RyanDiniz2011 venceu por desistência"]

1. d4 d5 2. c4 c6 3. Nc3 Nf6 4. Bf4 Bf5 5. e3 e6 6. Nf3 Bb4 7. Be2 Nbd7 8. O-O Nb6 9. cxd5 cxd5 10. a3 Bxc3 11. bxc3 Ne4 12. Qb3 Qc7 13. Bxc7 1-0

[Event "Live Chess"]
[Site "Chess.com"]
[Date "2023.09.16"]
[Round "-"]
[White "Ruanfelipe2014"]
[Black "asafefausto"]
[Result "1-0"]
[WhiteElo "996"]
[BlackElo "628"]
[TimeControl "900+5"]
[EndTime "7:36:59 PDT"]
[Termination "Ruanfelipe2014 venceu por xeque-mate"]

1. e4 e5 2. Bc4 Nf6 3. d3 c6 4. Bg5 Be7 5. Nf3 d5 6. exd5 cxd5 7. Bb5+ Bd7 8. Bxd7+ Qxd7 9. Nxe5 Qf5 10. Bxf6 Bb4+ 11.
c3 Qxf6 12. Qe2 Qxe5 13. Qxe5+ Be7 14. Qxg7 Rf8 15. O-O Nd7 16. Re1 Rd8 17. Qxh7 Nf6 18. Qh4 Nd7 19. Qxe7# 1-0

[Event "Live Chess"]
[Site "Chess.com"]
[Date "2023.09.16"]
[Round "-"]
[White "guilhermemazza"]
[Black "Alplee"]
[Result "0-1"]
[WhiteElo "457"]
[BlackElo "1949"]
[TimeControl "900+5"]
[EndTime "7:37:14 PDT"]
[Termination "Alplee venceu por desistência"]

1. e4 c5 2. f4 d6 3. c4 Nc6 4. Nf3 e6 5. Nc3 Be7 6. Bd3 Nf6 7. O-O O-O 8. Qa4 Bd7 9. Re1 Nb4 10. Qb3 Nxd3 11. Rd1 0-1

[Event "Live Chess"]
[Site "Chess.com"]
[Date "2023.09.16"]
[Round "-"]
[White "isanamie12"]
[Black "Highlanderson"]
[Result "0-1"]
[WhiteElo "802"]
[BlackElo "1517"]
[TimeControl "900+5"]
[EndTime "7:38:34 PDT"]
[Termination "Highlanderson venceu por xeque-mate"]

1. d4 d5 2. c4 e6 3. Nc3 Nf6 4. Nf3 c5 5. Bg5 Bd6 6. e3 h6 7.
Bxf6 Qxf6 8. Be2 b6 9. O-O Bb7 10. Re1 O-O 11. Bd3 Na6 12. Bc2 Nb4 13. Bb1 Bc7 14. a3 Na6 15. Qc2 Qg6 16. e4 dxc4 17. b4 cxd4 18. Nxd4 f5 19. exf5 Qxg2# 0-1

[Event "Live Chess"]
[Site "Chess.com"]
[Date "2023.09.16"]
[Round "-"]
[White "pedromiguelchess"]
[Black "VitorEMS"]
[Result "1-0"]
[WhiteElo "1109"]
[BlackElo "721"]
[TimeControl "900+5"]
[EndTime "7:39:32 PDT"]
[Termination "pedromiguelchess venceu por desistência"]

1. e4 e5 2. Nf3 Nc6 3. Bc4 Nf6 4. d3 Bc5 5. c3 a6 6. Bb3 d5 7. exd5 Nxd5 8. Nbd2 Be6 9. O-O Qd6 10. Ne4 Qe7 11.
Nxc5 Qxc5 12. d4 exd4 13. cxd4 Qd6 14. Re1 O-O 15. Ng5 Bd7 16. Qc2 g6 17. Qc5 Qxc5 18.
dxc5 Be6 19. Nxe6 fxe6 20. Rxe6 Rad8 21. Bh6 Rf5 22. Rae1 Kf7 23. Bxd5 Rdxd5 24. b4 Rd4 25. a3 Rfd5 26. h3 Rd1 27. Rxd1 Rxd1+ 28. Kh2 Nd4 29. Re3 Nf5 30. Rf3 Ke6 31. Bf4 Nh4 32. Re3+ Kf5 33. g3 1-0

[Event "Live Chess"]
[Site "Chess.com"]
[Date "2023.09.16"]
[Round "-"]
[White "RyanDiniz2011"]
[Black "asafefausto"]
[Result "1-0"]
[WhiteElo "1567"]
[BlackElo "627"]
[TimeControl "900+5"]
[EndTime "7:40:20 PDT"]
[Termination "RyanDiniz2011 venceu por xeque-mate"]

1. d4 Nc6 2. c4 f6 3. Nc3 e5 4.
dxe5 fxe5 5. e4 Nf6 6. Bd3 Bc5 7. Nf3 O-O 8. O-O d6 9. Be3 Bxe3 10. fxe3 Be6 11. Ng5 Bg4 12. Be2 Re8 13. Bxg4 Nxg4 14. Qxg4 Re7 15. Nd5 Qd7 16. Nxe7+ Kh8 17. Nf7# 1-0

[Event "Live Chess"]
[Site "Chess.com"]
[Date "2023.09.16"]
[Round "-"]
[White "Sabadin21"]
[Black "PedroRossi14"]
[Result "1-0"]
[WhiteElo "882"]
[BlackElo "515"]
[TimeControl "900+5"]
[EndTime "7:42:17 PDT"]
[Termination "Sabadin21 venceu por desistência"]

1. e4 c6 2. Nf3 d5 3. exd5 cxd5 4.
d4 Nc6 5. Bd3 e6 6. O-O Nf6 7. Be3 Be7 8. Nc3 O-O 9. Qd2 Bd6 10.
Nb5 Bb8 11. c4 Ne5 12. dxe5 Bxe5 13. Nxe5 dxc4 14. Bxc4 Qe7 15. Nc3 Rd8 16. Qe2 b6 17. Nc6 Qd7 18. Nxd8 Qxd8 19. Rfd1 Qc7 20. Bf4 Qc6 21. Ne4 Bb7 22. Bd3 Nxe4 23. Bxe4 Qxe4 24. Qxe4 Bxe4 25. Rd4 Bd5 26. Rad1 Rd8 27. Bc7 Rd7 28. Bg3 f5 29. Bb8 a5 30. b4 axb4 31. Rxb4 1-0

[Event "Live Chess"]
[Site "Chess.com"]
[Date "2023.09.16"]
[Round "-"]
[White "Alplee"]
[Black "AnaHelenaAulicino"]
[Result "1-0"]
[WhiteElo "1949"]
[BlackElo "629"]
[TimeControl "900+5"]
[EndTime "7:42:31 PDT"]
[Termination "Alplee venceu por desistência"]

1. d4 d5 2. c4 dxc4 3. Nf3 Bf5 4. e3 Nf6 5. Bxc4 Ne4 6. Nc3 Nxc3 7. bxc3 e6 8. O-O Qf6 9. Bd3 Qg6 10. Nh4 Bg4 11.
Nxg6 Bxd1 12. Nxh8 Bd6 13. Rxd1 Nc6 14. Bb5 O-O-O 15. Bxc6 bxc6 16. Nxf7 Rd7 17. Nxd6+ Rxd6 18. Ba3 Rd5 19. Rab1 Rg5 20. Rb3 h5 21. Rdb1 h4 22. Rb8+ Kd7 23. R1b7 h3 24. g3 Ra5 25. Rb3 Rf5 26. Rh8 e5 27. Rxh3 exd4 28. cxd4 1-0

[Event "Live Chess"]
[Site "Chess.com"]
[Date "2023.09.16"]
[Round "-"]
[White "Highlanderson"]
[Black "guilhermemazza"]
[Result "1-0"]
[WhiteElo "1517"]
[BlackElo "457"]
[TimeControl "900+5"]
[EndTime "7:44:09 PDT"]
[Termination "Highlanderson venceu por desistência"]

1. e4 e5 2. a3 d6 3. Nf3 Nd7 4. d3 Ngf6 5. Nc3 c5 6. Be3 d5 7. Na2 c4 8. dxc4 dxe4 9. Nd2 Ng4 10. Nxe4 Nxe3 11. fxe3 Qa5+ 12. Nac3 Nc5 13. b4 Qb6 1-0